 Dungeon Crawl Stone Soup version 0.28.0-47-ge53b351184 (webtiles) character file.

Game seed: 6781627719960048437

151 pkoi the Insei (level 4, -4/36 HPs)
             Began as a Demigod Gladiator on Apr 27, 2022.
             Killed by divine providence
             ... invoked by an orc priest
              (14 damage)
             ... on level 3 of the Dungeon.
             The game lasted 00:03:52 (3490 turns).

pkoi the Insei (Demigod Gladiator)                  Turns: 3490, Time: 00:03:52

Health: -4/36      AC:  6    Str: 12 (15) XL:     4   Next: 85%
Magic:  8/8        EV: 12    Int: 14      God:
Gold:   119        SH:  0    Dex: 15      Spells: 1/5 levels left

rFire   . . .      SeeInvis .     - Unarmed
rCold   . . .      Faith    .   (no shield)
rNeg    . . .      Spirit   .   a - +0 leather armour
rPois   .          Reflect  .   b - +0 helmet
rElec   .          Harm     .   (no cloak)
rCorr   .          Rampage  +   (no gloves)
Will    .....                   e - +1 pair of boots {rampage}
Stlth   +.........              (no amulet)
HPRegen 0.12/turn               (no ring)
MPRegen 0.11/turn               (no ring)

@: no status effects
A: high MP 1, forlorn, divine attributes
a: no special abilities


You were on level 3 of the Dungeon.
You visited 1 branch of the dungeon, and saw 3 of its levels.

You collected 119 gold pieces.

Inventory:

Hand Weapons
 f - a +1 dagger
 m - a +1 short sword of venom
Missiles
 c - 3 throwing nets (quivered)
 h - 4 poisoned darts
Armour
 a - a +0 leather armour (worn)
 b - a +0 helmet (worn)
 e - a +1 pair of boots of rampaging (worn)
Jewellery
 l - a ring of protection from cold
Scrolls
 i - a scroll of enchant armour {unknown}
 j - a scroll of vulnerability {unknown}
 k - a scroll of fog {unknown}
Potions
 d - 3 potions of heal wounds
 g - a potion of curing


   Skills:
 - Level 2.0 Fighting
 - Level 1.7 Throwing
 + Level 1.7 Armour
 - Level 3.0 Dodging
 * Level 4.0 Unarmed Combat
 + Level 1.2 Spellcasting
 + Level 1.2 Summonings


You had one spell level left.
You knew the following spells:

 Your Spells              Type           Power      Damage    Failure   Level
a - Summon Small Mammal   Summ           16%        N/A       19%         1
b - Call Canine Familiar  Summ           4%         N/A       50%         3

Your spell library contained the following spells:

 Spells                   Type           Power      Damage    Failure   Level
 Shock                    Conj/Air       0%         1d3       32%         1
 Gell's Gravitas          Tloc           0%         N/A       69%         3
 Lesser Beckoning         Tloc           0%         N/A       69%         3
 Teleport Other           Tloc           0%         N/A       69%         3
 Malign Gateway           Summ/Tloc      1%         N/A       100%        7
 Dragon's Call            Summ           2%         N/A       100%        9


Dungeon Overview and Level Annotations

Branches:
Dungeon (3/15)


Innate Abilities, Weirdness & Mutations

You have an increased reservoir of magic. (+10% MP)
You shall have no god before yourself.
Your divine heritage dramatically boosts your attributes as you level up.


Message History

There is an open door here.
You hear a shout!
An orc comes into view.
It is wielding a +1 short sword of venom.
You close the door.
The orc wizard shouts!
The orc wizard gestures at you while chanting.
You resist with some effort.
You rampage towards the orc!
The orc wizard casts a spell.
The orc wizard flickers and vanishes!
Deactivating autopickup; reactivate with Ctrl-A.
You rampage towards the orc!
The orc hits you but does no damage.
You are poisoned.
You barely miss the orc.
You feel sick. The orc misses you.
You hit the orc but do no damage.
You feel sick. The orc barely misses you.
An orc priest comes into view. It is wielding a +0 flail.
You punch the orc!
The orc is almost dead.
You feel sick. The orc closely misses you.
The orc priest invokes the aid of Beogh against you.
Beogh smites you!
* * * LOW HITPOINT WARNING * * *
You barely miss the orc.
The orc is almost dead.
You feel sick.
The orc hits you with a +1 short sword of venom.
* * * LOW HITPOINT WARNING * * *
You hit the orc.
You kill the orc!
You feel sick.
You hear some strange, mumbled words.
Something tries to affect you, but you resist.
You rampage towards the orc!
You hit something.
You feel sick. The orc priest closely misses you.
Something hits you but does no damage.
m - a +1 short sword of venom You feel sick.
You are no longer poisoned.
The orc priest mumbles some strange prayers to Beogh against you.
Beogh smites you!
You die...

##### #...#######.
##..>+.....'o #####
....)#######. ......
##.#)#....# ......
.#.#.#..รท.# #......
.#.#.#....# ..........
##.#.#....#######o.........##
#.#.+....+.....@{o..........
##.###)...########.......g..#
..........# ..... ...#
##.#......# #. .... ..#
....#.....# #. ### #.#
##..g.#+### .## #.# ....###.#
..# #.# .g......# #.# #.#
.######## ########.# #.#


You could see an orc priest and an orc.

Vanquished Creatures
  A hound (D:2)
  A gnoll (D:3)
  2 adders (D:2)
  3 worms
  A dart slug (D:2)
  6 orcs
  5 bats
  4 endoplasms
  2 giant cockroaches
  8 goblins
  4 hobgoblins
  2 quokkas (D:2)
  A ball python (D:3)
  A frilled lizard (D:1)
  5 kobolds
  3 rats
49 creatures vanquished.

Vanquished Creatures (collateral kills)
  An adder (D:3)
  A gnoll (D:3)
  2 hobgoblins
  A goblin (D:3)
5 creatures vanquished.

Grand Total: 54 creatures vanquished

Notes
Turn   | Place    | Note
-------+----------+-------------------------------------------
     0 | D:1      | pkoi the Demigod Gladiator began the quest for the Orb.
     0 | D:1      | Reached XP level 1. HP: 17/17 MP: 3/3
   118 | D:1      | Got the Handbook of Calling
   605 | D:2      | Reached skill level 3 in Unarmed Combat
   605 | D:2      | Reached XP level 2. HP: 12/24 MP: 4/4
   820 | D:1      | Learned a level 1 spell: Summon Small Mammal
  1202 | D:2      | Reached skill level 1 in Armour
  1202 | D:2      | Reached XP level 3. HP: 17/29 MP: 3/5
  2050 | D:2      | Got Plato's Compendium of Feathers
  2272 | D:3      | Reached XP level 4. HP: 34/36 MP: 7/7
  2520 | D:3      | Reached skill level 1 in Summonings
  2607 | D:3      | Reached skill level 1 in Spellcasting
  2954 | D:3      | Learned a level 3 spell: Call Canine Familiar
  3331 | D:3      | Reached skill level 4 in Unarmed Combat
  3490 | D:3      | Killed from afar by an orc priest

Illustrated notes

Levels and vault maps discovered:
D:1:      dpeg_arrival_line_fractal, layout_basic
D:2:      layout_loops_ring, shapermc_ecumenical_altar_rom_forum
D:3:      corexii_shack_village, layout_basic, grunt_gozag_breadcrumbs

Skill      XL: |  1  2  3  4 |
---------------+-------------+-----
Fighting       | 2 |  2.0
Unarmed Combat | 3 4 |  4.0
Armour         | 1 |  1.7
Dodging        | 3 |  3.0
Summonings     | 1 |  1.2
Spellcasting   | 1 |  1.2
Throwing       | |  1.7

Action                   |  1- 3 |  4- 6 || total
-------------------------+-------+-------++-------
Melee: Unarmed           |   131 |   133 ||   264
       Punch             |     3 |     6 ||     9
 Cast: Summon Small Mamm |     5 |     6 ||    11
  Use: Potion            |     3 |       ||     3
       Scroll            |     1 |       ||     1
 Stab: Sleeping          |     1 |     1 ||     2
Armor: Leather armour    |    28 |    40 ||    68
Dodge: Dodged            |    88 |    71 ||   159
